 Dungeon Crawl Stone Soup version 0.25-a0-860-gf695395b5c (webtiles) character file.

Game seed: 6747677411692841324, levelgen mode: deterministic

5426 Morrissey the Slinger (level 10, 0/65 HPs)
             Began as a Halfling Skald on Apr 28, 2020.
             Was a Priest of Okawaru.
             Slain by a yak (8 damage)
             ... on level 9 of the Dungeon.
             The game lasted 00:31:57 (12062 turns).

Morrissey the Slinger (Halfling Skald)             Turns: 12062, Time: 00:31:58

Health: 0/65       AC:  7    Str: 12    XL:     10   Next: 99%
Magic:  12/12      EV: 20    Int: 11    God:    Okawaru [***...]
Gold:   437        SH:  6    Dex: 18    Spells: 6/12 levels left

rFire    . . .     SeeInvis .   a - +0 dagger (venom)
rCold    . . .     Gourm    +   p - +0 buckler
rNeg     . . .     Faith    .   E - +0 leather armour (curse)
rPois    .         Spirit   .   g - +0 helmet
rElec    .         Reflect  .   B - +0 cloak
rCorr    .         Harm     .   t - +0 pair of gloves
MR       +....                  (no boots)
Stlth    ++++......             x - amulet of the gourmand
HPRegen  0.20/turn              r - ring of protection from magic
MPRegen  0.13/turn              (no ring)

@: about to teleport
A: small, mutation resistance 1
a: Heroism, Renounce Religion


You were on level 9 of the Dungeon.
You worshipped Okawaru.
Okawaru was most pleased with you.
You were completely stuffed.

You visited 2 branches of the dungeon, and saw 10 of its levels.

You collected 437 gold pieces.

Inventory:

Hand Weapons
 a - a +0 dagger of venom (weapon)
 b - a +0 hunting sling
 s - a +0 long sword
 K - a +1 dagger of distortion
 N - a +2 dagger of freezing
Missiles
 c - 187 stones (quivered)
 G - 51 sling bullets
Armour
 g - a +0 helmet (worn)
 p - a +0 buckler (worn)
 t - a +0 pair of gloves (worn)
 B - a +0 cloak (worn)
 E - a cursed +0 leather armour (worn)
Jewellery
 r - a ring of protection from magic (left hand)
 x - an amulet of the gourmand (around neck)
Wands
 u - a wand of flame (5)
 v - a wand of scattershot (4)
 C - a wand of acid (6)
 F - a wand of polymorph (6)
Scrolls
 e - 3 scrolls of identify
 f - 2 scrolls of blinking {unknown}
 h - 4 scrolls of teleportation
 i - 2 scrolls of enchant weapon {unknown}
 l - 2 scrolls of magic mapping {unknown}
 m - 4 scrolls of amnesia {unknown}
 n - 3 scrolls of fog {unknown}
 q - a scroll of fear {unknown}
 y - a scroll of remove curse {unknown}
 D - a scroll of enchant armour {unknown}
 J - 2 scrolls of immolation {unknown}
Potions
 j - a potion of stabbing
 o - 2 potions of curing
 w - a potion of brilliance
 z - 3 potions of ambrosia
 A - a potion of magic
 H - 2 potions of invisibility {unknown}
 L - a potion of cancellation {unknown}
 M - a potion of mutation {unknown}
Comestibles
 d - 17 rations


   Skills:
 + Level 4.7 Fighting
 * Level 8.2 Short Blades
 * Level 9.2 Slings
 - Level 4.2 Armour
 * Level 7.7 Dodging
 * Level 7.7 Stealth
 + Level 4.8 Shields
 - Level 1.5 Spellcasting
 - Level 3.4 Charms
 + Level 3.0 Invocations


You had 6 spell levels left.
You knew the following spells:

 Your Spells              Type           Power        Failure   Level  Hunger
a - Infusion              Chrm           #...         11%         1    ##.....
b - Shroud of Golubria    Chrm/Tloc      #.....       30%         2    ###....
c - Spectral Weapon       Hex/Chrm       #.......     52%         3    ####...

Your spell library contained the following spells:

 Spells                   Type           Power        Failure   Level  Hunger
 Song of Slaying          Chrm           #.......     16%         2    ###....
 Beastly Appendage        Tmut           #.....       38%         1    ##.....
 Ozocubu's Armour         Chrm/Ice       #.......     52%         3    ####...
 Sticks to Snakes         Tmut           #.......     54%         2    ###....
 Confusing Touch          Hex            #.......     77%         3    ####...
 Gell's Gravitas          Tloc           #.........   77%         3    ####...
 Spider Form              Tmut/Pois      #.........   77%         3    ####...
 Ice Form                 Ice/Tmut       #.......     99%         4    #####..
 Petrify                  Tmut/Erth      #.......     99%         4    #####..
 Blade Hands              Tmut           #.........   100%        5    ######.
 Metabolic Englaciation   Hex/Ice        #.........   100%        5    ######.
 Yara's Violent Unravell  Hex/Tmut       #.........   100%        5    ######.


Dungeon Overview and Level Annotations

Branches:
Dungeon (9/15)             Temple (1/1) D:5
   Lair: D:8-11         Orc: D:9-12

Altars:
Ashenzari
Cheibriados
Dithmenos
Elyvilon
Fedhas
Gozag
Hepliaklqana
Kikubaaqudgha
Makhleb
Nemelex Xobeh
Okawaru
Qazlal
Ru
Uskayaw
Vehumet
Wu Jian
Yredelemnul
Zin
The Shining One

Annotations:
D:6 exclusion: downstairs
D:7 1 exclusion


Innate Abilities, Weirdness & Mutations

You are small and have problems with some larger weapons.
You are somewhat resistant to further mutation.


Message History

You hit the yak but do no damage.
The yak is almost dead.
You feel like a meek peon again.
You kill the yak!
Okawaru accepts your kill.
Your Invocations skill increases to level 3!
Your +0 dagger of venom begins to drip with poison!
a - a +0 dagger of venom (weapon)
The yak gores you!
* * * LOW HITPOINT WARNING * * *
You hit the yak but do no damage.
The yak is poisoned.
The yak is lightly wounded.
You hit the yak but do no damage.
The yak looks as sick as possible!
The yak is lightly wounded.
The yak gores you!
* * * LOW HITPOINT WARNING * * *
An orc wizard comes into view. It is wielding a +0 dagger.
As you read the scroll of teleportation, it crumbles to dust.
You feel strangely unstable. The yak gores you!
You die...

...# #...# ###...#
#...# #...# ......#
##.o.# #...##
....... .. ....#
#..... Y...... .#
#...# #..... (..##
.# #...# #.....
..(######.####...#
#######.....
.................#
##.......>..#
......[..# ### #@#
#...........#
.........# ### #Y#
#...........#
.........#######Y##
#...........#
#....###.'((Y((Y..#
#........>..รท
#....# #.###.###..#
#...........#
#..?.# #.# #.# #..#
#......<.[..#
#.###+###..#
#...........#
#..........#
#...........#
########...#
#...........#


You could see 3 yaks and an orc wizard (wandering).

Vanquished Creatures
  Harold (D:6)
  A necromancer (D:9)
  Psyche (D:8)
  Grinder (D:5)
  A hippogriff (D:3)
  3 yaks (D:9)
  Grum (D:8)
  6 ogres
  A phantom (D:6)
  A black bear (D:9)
  3 centaurs
  4 wolves (D:8)
  5 bullfrogs
  A scorpion (D:7)
  2 wights
  A howler monkey (D:6)
  4 crimson imps
  2 bullfrog zombies (D:8)
  2 centaur zombies
  3 hounds
  A jelly (D:7)
  3 orc priests
  A centaur skeleton (D:6)
  An iguana (D:7)
  9 orc wizards
  7 worker ants
  A yak simulacrum (D:9)
  A hound zombie (D:9)
  A hound skeleton (D:4)
  A howler monkey zombie (D:8)
  A worker ant zombie (D:6)
  Robin (D:3)
  10 adders
  5 shadow imps
  An ooze (D:3)
  2 adder zombies
  6 worms
  3 dart slugs
  8 leopard geckos
  18 orcs
  6 bats
  5 giant cockroaches
  11 hobgoblins
  12 quokkas
  2 ball pythons
  12 frilled lizards
  17 goblins
  A jackal skeleton (D:5)
  3 kobolds
  A leopard gecko skeleton (D:5)
  A quokka skeleton (D:5)
  9 rats
  A spectral orc (D:2)
206 creatures vanquished.

Notes
Turn   | Place    | Note
-------+----------+-------------------------------------------
     0 | D:1      | Morrissey the Halfling Skald began the quest for the Orb.
     0 | D:1      | Reached XP level 1. HP: 14/14 MP: 3/3
   129 | D:1      | Reached XP level 2. HP: 8/19 MP: 1/4
   393 | D:1      | Reached skill level 1 in Stealth
   441 | D:1      | Learned a level 2 spell: Shroud of Golubria
   716 | D:1      | Reached XP level 3. HP: 13/24 MP: 5/5
  1290 | D:2      | Found a basalt altar of Yredelemnul.
  1607 | D:2      | Reached XP level 4. HP: 16/29 MP: 0/6
  1805 | D:2      | Reached skill level 1 in Slings
  2488 | D:3      | Reached XP level 5. HP: 24/34 MP: 7/7
  2506 | D:3      | Noticed Robin
  2961 | D:3      | Noticed a hippogriff
  2973 | D:3      | Killed a hippogriff
  2973 | D:3      | Reached skill level 2 in Slings
  2973 | D:3      | Reached skill level 1 in Shields
  2973 | D:3      | Reached XP level 6. HP: 3/41 MP: 8/8
  3367 | D:3      | Learned a level 3 spell: Spectral Weapon
  3446 | D:3      | Reached skill level 3 in Slings
  3617 | D:3      | Killed Robin
  4076 | D:4      | Noticed an ogre
  4096 | D:4      | Killed an ogre
  4096 | D:4      | Reached XP level 7. HP: 45/45 MP: 9/9
  4819 | D:5      | Entered Level 5 of the Dungeon
  4854 | D:5      | Noticed Grinder
  4907 | D:5      | Killed Grinder
  4907 | D:5      | Reached skill level 4 in Slings
  4907 | D:5      | Reached XP level 8. HP: 26/51 MP: 6/10
  5707 | D:5      | Reached skill level 5 in Short Blades
  5831 | D:5      | Found a staircase to the Ecumenical Temple.
  6016 | Temple   | Entered the Ecumenical Temple
  6103 | Temple   | Became a worshipper of Warmaster Okawaru
  6168 | D:5      | Reached skill level 5 in Dodging
  6192 | D:5      | Found an opulent altar of Gozag.
  6493 | D:6      | Reached skill level 5 in Slings
  6971 | D:5      | Reached skill level 5 in Stealth
  7111 | D:6      | Reached * piety under Okawaru
  7111 | D:6      | Reached XP level 9. HP: 4/57 MP: 11/11
  7111 | D:6      | HP: 2/57 [worker ant (2)]
  7418 | D:6      | Reached skill level 6 in Slings
  7514 | D:6      | Found a blossoming altar of Fedhas.
  8444 | D:7      | Noticed a two-headed ogre
  8598 | D:7      | Noticed Harold
  9254 | D:6      | Killed Harold
  9254 | D:6      | Reached skill level 7 in Slings
  9254 | D:6      | Reached skill level 1 in Invocations
  9276 | D:6      | Reached XP level 10. HP: 35/63 MP: 12/12
  9700 | D:7      | Found a hazy altar of Hepliaklqana.
  9917 | D:8      | Reached ** piety under Okawaru
 10147 | D:8      | Noticed Grum
 10771 | D:8      | Killed Grum
 10771 | D:8      | Reached skill level 8 in Slings
 11139 | D:8      | Noticed Psyche
 11152 | D:8      | Killed Psyche
 11263 | D:8      | Reached *** piety under Okawaru
 11684 | D:9      | Noticed a necromancer
 11748 | D:9      | Killed a necromancer
 11849 | D:9      | Reached skill level 9 in Slings
 11978 | D:9      | Found a sacrificial altar of Ru.
 12062 | D:9      | Slain by a yak

Levels and vault maps discovered:
D:1:      lightli_molten_gateway, layout_loops_cross, minmay_lizard_pond
D:2:      minmay_razor_zed, layout_basic, yredelemnul_forgotten_temple_becter,
          minmay_misc_feat_five
D:3:      layout_loops_ring, hangedman_abyss_or_decor_stabs, uniq_robin
D:4:      layout_basic
D:5:      layout_gridville, kennysheep_little_box, minmay_temple_entry_arrows,
          first_ration, uniq_grinder
D:6:      layout_cave_pools, old_standard_altar, kennysheep_generic_room_11
D:7:      layout_rooms, kennysheep_mini, uniq_harold
D:8:      layout_cave_pods, serial_glass, glass_columns_c, glass_columns_b,
          glass_columns_a, glass_columns_a, glass_columns_a, feat_on_display,
          item_on_display_a, minmay_strange_pillars, feat_on_display,
          grunt_ogre_cave, chequers_decorated_corner, hex_tiny, uniq_psyche,
          uniq_grum
D:9:      layout_small_grid, overflow_temple_1_default, lemuel_doored_altar,
          basic_altar, eino_house_with_fridge
Temple:   nicolae_temple_elliptical

Skill      XL: |  1  2  3  4  5  6  7  8  9 10 |
---------------+-------------------------------+-----
Stealth        | 1 2 3 4 5 6 7 |  7.7
Fighting       | 2 3 4 |  4.7
Short Blades   | 3 4 5 6 8 |  8.2
Dodging        | 3 4 5 6 7 |  7.7
Slings         | 1 2 3 4 5 7 9 |  9.2
Armour         | 2 3 4 |  4.2
Shields        | 1 2 3 4 |  4.8
Invocations    | 1 3 |  3.0
Spellcasting   | |  1.5
Charms         | |  3.4

Action                   |  1- 3 |  4- 6 |  7- 9 | 10-12 || total
-------------------------+-------+-------+-------+-------++-------
Melee: Short sword       |   121 |   157 |       |       ||   278
       Dagger            |       |     9 |   533 |   253 ||   795
       Long sword        |       |       |       |    58 ||    58
 Fire: Hunting sling     |    48 |    90 |   235 |   114 ||   487
Throw: Stone             |    10 |       |       |       ||    10
 Cast: Infusion          |     4 |     2 |     1 |       ||     7
       Shroud of Golubri |       |     2 |     1 |       ||     3
Invok: Heroism           |       |       |     4 |     3 ||     7
Evoke: Wand              |       |       |    10 |     5 ||    15
  Use: Potion            |       |     2 |     4 |     1 ||     7
       Scroll            |       |       |     7 |     3 ||    10
 Stab: Sleeping          |       |       |       |     2 ||     2
  Eat: Chunk             |     2 |     9 |    20 |    10 ||    41
       Ration            |       |       |     2 |       ||     2
Armor: Leather armour    |    23 |    22 |    75 |    29 ||   149
Dodge: Dodged            |    91 |   102 |   265 |   203 ||   661
Block: Buckler           |       |    25 |   110 |    81 ||   216
       Rpst.: Long sword |       |       |       |    21 ||    21

Table legend:
 A = Non-vault XP
 B = Vault XP
 C = Vault XP percentage of total XP
 D = Non-vault monster count
 E = Vault monster count
 F = Vault count percentage of total count
                 A         B        C        D         E       F
            +---------+---------+-------+---------+---------+-------
      Total |    4525 |    3227 |  41.6 |     167 |      39 |  18.9
            +---------+---------+-------+---------+---------+-------
        D:1 |      22 |       8 |  26.7 |      14 |       8 |  36.4
        D:2 |      66 |      20 |  23.3 |      20 |       8 |  28.6
        D:3 |     293 |      35 |  10.7 |      23 |      12 |  34.3
        D:4 |     292 |       0 |   0.0 |       9 |       0 |   0.0
        D:5 |     630 |     290 |  31.5 |      32 |       1 |   3.0
        D:6 |     963 |    1039 |  51.9 |      27 |       1 |   3.6
        D:7 |     554 |       0 |   0.0 |      15 |       0 |   0.0
        D:8 |     678 |    1202 |  63.9 |      14 |       7 |  33.3
        D:9 |    1027 |     633 |  38.1 |      13 |       2 |  13.3
            +---------+---------+-------+---------+---------+-------
